 Dungeon Sprint DCSS version 0.26-a0-1213-gd52f5182fe (webtiles) character file.

Game seed: 2318337891834122395

2 rocky1 the Grave Robber (level 1, 0/13 HPs)
             Began as a Demonspawn Necromancer on Dec 31, 2020.
             Was an Initiate of Sif Muna.
             Slain by a quokka (4 damage)
             ... in the Dungeon (Sprint VII: "The Pits").
             The game lasted 00:00:45 (205 turns).

rocky1 the Grave Robber (Demonspawn Necromancer)     Turns: 205, Time: 00:00:46

Health: 0/13       AC:  2    Str:  8    XL:     1   Next: 25%
Magic:  0/3        EV: 12    Int: 16    God:    Sif Muna [......]
Gold:   0          SH:  0    Dex: 13    Spells: 3/4 levels left

rFire    . . .     SeeInvis .   l - +2 quarterstaff
rCold    . . .     Faith    .   (shield currently unavailable)
rNeg     . . .     Spirit   .   a - +0 robe
rPois    .         Reflect  .   (no helmet)
rElec    .         Harm     .   (no cloak)
rCorr    .         Rampage  .   (no gloves)
Will     .....     NoTele   +   (no boots)
Stlth    ++........             (no amulet)
HPRegen  0.04/turn              (no ring)
MPRegen  0.08/turn              (no ring)

@: no status effects
A: no striking features
a: Renounce Religion


You were in the Dungeon.
You worshipped Sif Muna.
Sif Muna was noncommittal.
You visited 1 branch

Inventory:

Hand Weapons
 l - a +2 quarterstaff (weapon)
 m - a +2 mace
Armour
 a - a +0 robe (worn)
Scrolls
 h - a scroll of blinking
 i - 3 scrolls of remove curse
 j - 5 scrolls of amnesia
 k - a scroll of summoning
Potions
 b - 2 potions of invisibility
 c - a potion of curing
 d - a potion of heal wounds
 e - a potion of haste
 f - 4 potions of magic
 g - 3 potions of berserk rage


   Skills:
 - Level 1.7 Dodging
 - Level 1.7 Stealth
 - Level 2.0 Spellcasting
 + Level 5.2 Necromancy


You had 3 spell levels left.
You knew the following spells:

 Your Spells              Type           Power        Failure   Level
a - Pain                  Necr           72%          2%          1

Your spell library contained the following spells:

 Spells                   Type           Power        Failure   Level
 Animate Skeleton         Necr           36%          2%          1
 Vampiric Draining        Necr           9%           7%          3
 Animate Dead             Necr           9%           24%         4
 Agony                    Necr           18%          54%         5


Dungeon Overview and Level Annotations

Branches:
Dungeon (1/1)

Altars:
Ashenzari
Cheibriados
Dithmenos
Elyvilon
Fedhas
Gozag
Hepliaklqana
Kikubaaqudgha
Makhleb
Nemelex Xobeh
Okawaru
Qazlal
Ru
Sif Muna
Trog
Uskayaw
Vehumet
Wu Jian
Xom
Yredelemnul
Zin
The Shining One
Beogh
Jiyva
Lugonu


Message History

You kill the giant cockroach!
Sif Muna accepts your kill.
Your Necromancy skill increases to level 5!
Casting: Pain (safe; 2% risk of failure)
Confirm with . or Enter, or press ? or * to list all spells.
Aiming: Pain (safe; 2% risk of failure)
Press: ? - help, Shift-Dir - straight line, f - quokka
Aim: a quokka (chance to affect: 89%)
The quokka writhes in agony.
Unknown command.
You closely miss the quokka.
The quokka is severely wounded.
The quokka bites you. The quokka misses you.
You miss the quokka.
The quokka is severely wounded.
The quokka bites you.
You barely miss the quokka.
The quokka is severely wounded.
The quokka bites you.
You die...

############
#_________.#
#_________.#
#_______...###########++
##########'##...........
#.?(.')))'.##......#..#.
##########.##...........
#.......@...'...........
#+#####r#####......#..#.
#...†.# #...........
#.....# ####'#####++
###+### #.......#
#.......# #.......#
#...<...# #.......#


You could see a quokka.

Vanquished Creatures
  A giant cockroach (D)
  A quokka skeleton (D)
2 creatures vanquished.

Notes
Turn   | Place    | Note
-------+----------+-------------------------------------------
     0 | D        | rocky1 the Demonspawn Necromancer began the quest for the
                  | Orb.
     0 | D        | Reached XP level 1. HP: 13/13 MP: 3/3
   177 | D        | Found a bloodstained altar of Trog.
   177 | D        | Found a shimmering blue altar of Sif Muna.
   177 | D        | Found a viscous altar of Jiyva.
   177 | D        | Found a hazy altar of Hepliaklqana.
   177 | D        | Found an opulent altar of Gozag.
   178 | D        | Found a glowing golden altar of the Shining One.
   178 | D        | Found a glowing silver altar of Zin.
   178 | D        | Found a basalt altar of Yredelemnul.
   178 | D        | Found a shimmering altar of Xom.
   178 | D        | Found an ornate altar of the Wu Jian Council.
   178 | D        | Found a sacrificial altar of Ru.
   178 | D        | Found a stormy altar of Qazlal.
   178 | D        | Found an iron altar of Okawaru.
   178 | D        | Found a sparkling altar of Nemelex Xobeh.
   178 | D        | Found a burning altar of Makhleb.
   178 | D        | Found a blossoming altar of Fedhas.
   178 | D        | Found a white marble altar of Elyvilon.
   178 | D        | Found a shadowy altar of Dithmenos.
   178 | D        | Found a snail-covered altar of Cheibriados.
   181 | D        | Found a corrupted altar of Lugonu.
   181 | D        | Found a radiant altar of Vehumet.
   181 | D        | Found a roughly hewn altar of Beogh.
   182 | D        | Found an ancient bone altar of Kikubaaqudgha.
   182 | D        | Found a hide-covered altar of Uskayaw.
   182 | D        | Found a broken altar of Ashenzari.
   185 | D        | Became a worshipper of Sif Muna the Loreminder
   202 | D        | Reached skill level 5 in Necromancy
   205 | D        | Slain by a quokka

Illustrated notes

Levels and vault maps discovered:
D:        pitsprint [storerooms_1, entrance_room_1, metal_vault_5, armoury_2,
          mini_pit_1, grid_room_1, main_hall_1, silver_pit, the_coven_2,
          the_vestibule_1, steel_vault_4, golden_pit, hallway_of_sentries,
          crystal_vault_1, iron_vault_4, final_vault]

Skill      XL: |  1 |
---------------+----+-----
Necromancy     | 5 |  5.2
Dodging        | |  1.7
Stealth        | |  1.7
Spellcasting   | |  2.0

Action                   || total
-------------------------++-------
Melee: Unarmed           ||     8
       Quarterstaff      ||     3
 Cast: Pain              ||     3
Armor: Robe              ||     1
Dodge: Dodged            ||     5

Table legend: (Time is in decaauts)
 A = Elapsed time spent in this place.
 B = Non-inter-level travel time spent in this place.
 C = Inter-level travel time spent in this place.
 D = Time resting spent in this place.
 E = Time spent auto-exploring this place.
 F = Levels seen in this place.
 G = Mean time per level.
                   A        B        C        D        E       F      G
               +--------+--------+--------+--------+--------+-----+--------+
         Total |    205 |    205 |      0 |    123 |      0 |   1 |  205.0 |
       Dungeon |    205 |    205 |      0 |    123 |      0 |   1 |  205.0 |
               +--------+--------+--------+--------+--------+-----+--------+

Top non-repeatable levels by time:
       D: 205 daAuts
